 Dungeon Crawl Stone Soup version 0.30-a0-776-g08fbeb92c1 (webtiles) character file.

Game seed: 14158125047026237569

739615 0netwelve the Executioner (level 27, -11/258 HPs)
             Began as a Hill Orc Monk on Feb 12, 2023.
             Was the Champion of the Shining One.
             Mangled by an Executioner (12 damage)
             ... in Pandemonium on Feb 13, 2023.
             The game lasted 03:16:47 (23415 turns).

0netwelve the Executioner (Hill Orc Monk)          Turns: 23415, Time: 03:16:48

Health: -11/258    AC: 48    Str: 25    XL:     27
Magic:  39/39      EV: 19    Int: 12    God:    the Shining One [******]
Gold:   846        SH:  0    Dex: 26    Spells: 24/26 levels left

rFire   + . .      SeeInvis .    f - +9 executioner's axe (holy)
rCold   + . .      Faith    .    (shield currently unavailable)
rNeg    + + +      Spirit   .    K - +6 gold dragon scales
rPois   +          Reflect  .    X - +1 helmet of Plasticity {rElec Int+3 Dex+4}
rElec   +          Harm     .    b - +2 cloak {Will+}
rCorr   .          Rampage  +    y - +1 pair of gloves {Dex+3}
Will    +++..                    O - +1 pair of boots {rampage} Stlth
                                 Q - amulet of regeneration
HPRegen 1.43/turn                D - +4 ring of protection
MPRegen 0.26/turn                I - +4 ring of slaying

@: about to teleport, hasted and slowed, glowing, studying Throwing
A: agile 1, MP-powered wands
}: 9/15 runes: decaying, slimy, silver, golden, abyssal, demonic, magical,
fiery, gossamer
a: Renounce Religion, Divine Shield, Cleansing Flame, Summon Divine Warrior


You were in Pandemonium.
You worshipped the Shining One.
The Shining One was exalted by your worship.
You visited 11 branches of the dungeon, and saw 51 of its levels.
You visited Pandemonium 1 time, and saw 9 of its levels.
You visited the Abyss 1 time.
You visited 2 bazaars.
You visited 1 ziggurat, and saw 9 of its levels.
You also visited: Gauntlet and Desolation.

You collected 6279 gold pieces.
You spent 5433 gold pieces at shops.

Inventory:

Hand Weapons
 f - a +9 executioner's axe of holy wrath (weapon)
 Z - a +9 executioner's axe of flaming
Missiles
 s - 2 throwing nets (quivered)
 U - 5 javelins
 W - 3 boomerangs of dispersal
Armour
 b - a +2 cloak of willpower (worn)
 y - a +1 pair of gloves of dexterity (worn)
 z - the +3 helmet of Vateirch {Harm rF+ Str-2 Dex+2}
   (You acquired it on level 4 of a ziggurat)

   Str:       It affects your strength (-2).
   Dex:       It affects your dexterity (+2).
   rF:        It protects you from fire.
   Harm:      It increases damage dealt and taken.
 K - +6 gold dragon scales (worn)
 O - a +1 pair of boots of rampaging (worn)
 T - a +2 pair of boots of stealth
 X - the +1 helmet of Plasticity (worn) {rElec Int+3 Dex+4}
   (You bought it in a shop on level 2 of the Orcish Mines)

   Int:       It affects your intelligence (+3).
   Dex:       It affects your dexterity (+4).
   rElec:     It insulates you from electricity.
Jewellery
 d - a ring of resist corrosion
 D - a +4 ring of protection (left hand)
 I - a +4 ring of slaying (right hand)
 J - a ring of willpower
 M - a ring of fire
 Q - an amulet of regeneration (around neck)
 S - the ring "Sicol" {rC+ Str+6 Int+4 SInv Stlth+}
   (You found it on level 3 of the Tomb of the Ancients)

   [ring of strength]

   Str:       It affects your strength (+6).
   Int:       It affects your intelligence (+4).
   rC:        It protects you from cold.
   SInv:      It lets you see invisible.
   Stlth:     It makes you more stealthy.
Wands
 a - a wand of roots (8)
 o - a wand of digging (10)
 u - a wand of acid (25)
 G - a wand of mindburst (7)
 L - a wand of paralysis (7)
 P - a wand of flame (7)
Scrolls
 c - 20 scrolls of identify
 h - 7 scrolls of immolation
 i - 12 scrolls of teleportation
 j - a scroll of silence
 p - a scroll of magic mapping
 B - 2 scrolls of butterflies
 H - 3 scrolls of fear
 Y - 3 scrolls of fog
Potions
 e - 3 potions of flight
 g - 9 potions of curing
 k - 10 potions of heal wounds
 l - 6 potions of mutation
 m - 5 potions of resistance
 n - 3 potions of haste
 q - 5 potions of ambrosia
 v - a potion of berserk rage
 w - 8 potions of might
 x - 8 potions of attraction
 A - a potion of magic
 C - 5 potions of cancellation
 E - 6 potions of lignification
Miscellaneous
 r - a phantom mirror
 F - a tin of tremorstones (2/2)
 N - a phial of floods


   Skills:
 - Level 23.1 Fighting
 - Level 26.0 Axes
 + Level 24.6 Armour
 + Level 19.2 Dodging
 - Level 1.5 Stealth
 - Level 25.4 Invocations
 + Level 15.1 Evocations


You had 24 spell levels left.
You knew the following spells:

 Your Spells              Type           Power      Damage    Failure   Level
a - Wereblood             Tmut           0%         N/A       99%         2

Your spell library contained the following spells:

 Spells                   Type           Power      Damage    Failure   Level
 Freeze                   Ice            0%         1d3       96%         1
 Magic Dart               Conj           0%         1d3       96%         1
 Necrotise                Necr           0%         1d4       96%         1
 Sandblast                Erth           0%         2d4       96%         1
 Call Imp                 Summ           0%         N/A       99%         2
 Cigotuvi's Dreadful Rot  Necr/Pois/Air  0%         N/A       99%         2
 Ensorcelled Hibernation  Hex/Ice        0%         N/A       99%         2
 Passwall                 Tmut/Erth      0%         N/A       99%         2
 Poisonous Vapours        Pois/Air       0%         N/A       99%         2
 Scorch                   Fire           0%         2d5       99%         2
 Static Discharge         Conj/Air       0%         2-2/arc   99%         2
 Sublimation of Blood     Necr           0%         N/A       99%         2
 Call Canine Familiar     Summ           0%         N/A       100%        3
 Dazzling Flash           Conj/Hex       0%         N/A       100%        3
 Frozen Ramparts          Ice            0%         1d1       100%        3
 Gell's Gravitas          Tloc           0%         N/A       100%        3
 Hailstorm                Conj/Ice       0%         3d3       100%        3
 Ignite Poison            Fire/Tmut/Pois 0%         N/A       100%        3
 Kindle Blastsparks       Fire/Tloc/Air  0%         2d10      100%        3
 Mephitic Cloud           Conj/Pois/Air  0%         N/A       100%        3
 Portal Projectile        Hex/Tloc       0%         N/A       100%        3
 Stone Arrow              Conj/Erth      0%         3d7       100%        3
 Swiftness                Air            0%         N/A       100%        3
 Teleport Other           Tloc           0%         N/A       100%        3
 Tukima's Dance           Hex            0%         N/A       100%        3
 Vhi's Electric Charge    Tloc/Air       0%         N/A       100%        3
 Animate Dead             Necr           0%         N/A       100%        4
 Cause Fear               Hex            0%         N/A       100%        4
 Flame Wave               Conj/Fire      0%         2d4       100%        4
 Iskenderun's Mystic Bla  Conj/Tloc      0%         2d3       100%        4
 Leda's Liquefaction      Hex/Erth       0%         N/A       100%        4
 Olgreb's Toxic Radiance  Pois           0%         N/A       100%        4
 Passage of Golubria      Tloc           0%         N/A       100%        4
 Petrify                  Tmut/Erth      0%         N/A       100%        4
 Summon Ice Beast         Ice/Summ       0%         N/A       100%        4
 Alistair's Intoxication  Tmut/Pois      0%         N/A       100%        5
 Arcjolt                  Conj/Air       0%         1d10      100%        5
 Blade Hands              Tmut           0%         N/A       100%        5
 Borgnjor's Vile Clutch   Necr/Erth      0%         N/A       100%        5
 Fireball                 Conj/Fire      0%         3d3       100%        5
 Freezing Cloud           Conj/Ice/Air   0%         6-21      100%        5
 Irradiate                Conj/Tmut      0%         3d11      100%        5
 Iskenderun's Battlesphe  Conj           0%         2d6       100%        5
 Lightning Bolt           Conj/Air       0%         1d11      100%        5
 Summon Forest            Summ/Tloc      0%         N/A       100%        5
 Summon Mana Viper        Hex/Summ       0%         N/A       100%        5
 Yara's Violent Unravell  Hex/Tmut       0%         3d3       100%        5
 Conjure Ball Lightning   Conj/Air       0%         3x3d6     100%        6
 Dispersal                Tloc           0%         N/A       100%        6
 Eringya's Noxious Bog    Tmut/Pois      0%         N/A       100%        6
 Simulacrum               Ice/Necr       0%         N/A       100%        6
 Starburst                Conj/Fire      0%         6d3       100%        6
 Summon Cactus Giant      Summ           0%         N/A       100%        6
 Dragon Form              Tmut           0%         N/A       100%        7
 Haunt                    Necr/Summ      0%         N/A       100%        7
 Malign Gateway           Summ/Tloc      0%         N/A       100%        7
 Monstrous Menagerie      Summ           0%         N/A       100%        7
 Orb of Destruction       Conj           0%         9d5       100%        7
 Ozocubu's Refrigeration  Ice            0%         4d7       100%        7
 Summon Hydra             Summ           0%         N/A       100%        7
 Disjunction              Tloc           0%         N/A       100%        8
 Ignition                 Fire           0%         3d3       100%        8
 Infestation              Necr           0%         N/A       100%        8
 Chain Lightning          Conj/Air       0%         N/A       100%        9
 Dragon's Call            Summ           0%         N/A       100%        9
 Polar Vortex             Ice            0%         N/A       100%        9


Dungeon Overview and Level Annotations

Branches:
Dungeon (15/15)              Lair (5/5) D:11          Swamp (4/4) Lair:2
 Spider (4/4) Lair:2        Slime (5/5) Lair:4          Orc (2/2) D:12
    Elf (1/3) Orc:2        Vaults (5/5) D:14          Crypt (3/3) Vaults:3
   Tomb (3/3) Crypt:3      Depths (4/4) D:15            Zot (0/5) Depths:4
Desolation (visited)      Gauntlet (visited)
 Temple: D:4-7

Altars:
Dithmenos
Elyvilon
Kikubaaqudgha
Okawaru
Qazlal
Sif Muna
Vehumet
Wu Jian
Xom
Yredelemnul
Zin
The Shining One
Jiyva

Shops:
D:13 :   Orc:2 (=[*   Vaults:1 !!=(   Vaults:4 [   Depths:1 *

Portals:
Hell: Depths:2 Depths:4
Abyss: Lair:2 Depths:3
Pandemonium: Depths:2
Trove: Vaults:2 (give 6 potions of haste)

Annotations:
D:4 4 runed translucent doors
D:6 exclusions: downstairs and upstairs
D:7 Pikel
D:10 exclusion: downstairs
D:11 1 runed translucent door, exclusion: statue, NoOffense's ghost, journeyman TrMo
Swamp:4 Mara
Spider:2 Frances
Pan Gloorx Vloq


Innate Abilities, Weirdness & Mutations

You are agile. (Dex +4, Str/Int -1)
You expend magic power (3 MP) to strengthen your wands.


Message History

You feel better.
Gloorx Vloq calls on the powers of darkness!
Your body is wracked with pain!
* * * LOW HITPOINT WARNING * * *
Blink to where?
Press: ? - help, Dir - move target
As you read the scroll of blinking, it crumbles to dust.
The Executioner attacks as you move away!
The Executioner hits you but does no damage.
The Executioner barely misses you.
The Executioner hits you but does no damage.
The Executioner completely misses you. The Executioner misses you.
The Executioner completely misses you.
The Executioner hits you but does no damage. x3
There is an open door here.
The Executioner misses you.
The Executioner hits you but does no damage.
The Executioner completely misses you. The Executioner hits you!
* * * LOW HITPOINT WARNING * * *
The Executioner hits you but does no damage. x2
Unknown command.
As you read the scroll of teleportation, it crumbles to dust.
You feel strangely unstable. The Executioner barely misses you.
The Executioner hits you but does no damage.
The Executioner misses you.
The Executioner hits you but does no damage. x5
The Executioner closely misses you. The Executioner hits you!
* * * LOW HITPOINT WARNING * * *
The Executioner hits you but does no damage.
The Executioner completely misses you. The Executioner misses you.
The Executioner closely misses you. The Executioner barely misses you.
The Executioner hits you but does no damage. x2
The Executioner closely misses you. The Executioner hits you!
* * * LOW HITPOINT WARNING * * *
The Executioner misses you.
The Executioner hits you but does no damage.
A large abomination comes into view. x2; An Executioner comes into view.
The Executioner hits you!
You die...

#....#.#.#.#
#..XX......#
#.#.1..#...#
#...########
#[..#..#...#..
#.†.#..#......
#...#..#...$.#
#..†#..#.....#
#..@#........# .
#.11#........# .
#..&'..1.....# #.
#...#........# #1?
#...#........# ...
#...#......#.# .1#
#...#......#§####'##
#...#......#..1.&..#
#...#..#...#...#1..#


You could see Gloorx Vloq, 3 Executioners and 2 large abominations.

Vanquished Creatures
  Cerebov (Pan)
  Lom Lobon (Pan)
  3 dread liches
  4 pandemonium lords
  Mennas (Pan)
  6 royal mummies
  Boris (Vaults:3)
  Bai Suzhen (Crypt:2)
  Jory (Vaults:2)
  4 caustic shrikes
  2 golden dragons
  the Enchantress (Depths:1)
  Arachne (Spider:1)
  3 bone dragons
  3 Brimstone Fiends
  4 hellephants
  A Hell Sentinel (Pan)
  A walking crystal tome (Depths:4)
  6 tentacled monstrosities
  3 Ice Fiends (Pan)
  4 liches
  7 titans
  3 searing wretches
  A quicksilver dragon (Vaults:5)
  8 Executioners
  A walking frostbound tome (Depths:4)
  8 sphinxes
  6 tentacled starspawn
  5 ancient champions
  9 acid blobs
  8 tengu reavers
  A shadow dragon (Depths:4)
  Donald (Swamp:1)
  3 storm dragons
  A fenstrider witch (Swamp:3)
  4 revenants
  An azure jelly (Slime:2)
  3 rockslimes
  7 fire giants
  2 demonspawn warmongers (Pan)
  4 nagarajas (Zig:9)
  5 frost giants
  17 vault wardens
  3 emperor scorpions (Spider:4)
  2 deep elf sorcerers
  2 narguns (Zig:3)
  2 caustic shrike zombies
  20 balrugs
  2 iron dragons
  2 curse skulls
  4 demonspawn corrupters (Pan)
  A draconian shifter (Depths:4)
  7 cacodemons (Pan)
  5 demonspawn blood saints (Pan)
  2 angels (Vaults:1)
  2 draconian annihilators (Pan)
  13 ironbound preservers
  3 spriggan defenders (Depths:1)
  5 quicksilver oozes
  2 war gargoyles
  3 ghouls (Crypt:2)
  10 stone giants
  An orc warlord (Orc:2)
  5 broodmothers (Spider:4)
  4 reapers (Pan)
  25 very ugly things
  8 vampire knights
  A demonspawn black sun (Pan)
  An ironbound thunderhulk (Vaults:1)
  7 bennus
  A black draconian (Depths:4)
  A minotaur (Gauntlet)
  2 deep elf annihilators (Pan)
  2 lorocyprocas (Pan)
  A yellow draconian (Depths:4)
  5 spark wasps
  8 bunyips
  2 red draconians (Depths:4)
  A halazid warlock (Desolation)
  8 blizzard demons (Pan)
  12 mummy priests
  6 ettins
  An ettin (shapeshifter) (Vaults:5)
  2 shambling mangroves (Swamp:3)
  2 eidola (Crypt:3)
  6 jiangshi
  3 crystal guardians
  5 ragged hierophants (Desolation)
  The ghost of Cair the Barachian Blade, a journeyman BaFi of Ashenzari (Lair:2)
  10 great orbs of eyes
  6 yaktaur captains
  5 entropy weavers
  A green death (Pan)
  A fire dragon (Depths:2)
  33 vault guards
  6 peacekeepers
  2 rakshasas
  An anaconda (Zig:9)
  4 ghost crabs
  6 hydras
  A jorogumo (Spider:4)
  3 servants of whispers (Desolation)
  4 ironbound frosthearts
  A radroach (Spider:4)
  A spriggan air mage (Depths:3)
  2 catoblepae
  8 ice dragons
  A merfolk avatar (Lair:5)
  An ogre mage (Vaults:5)
  A fenstrider witch skeleton (Tomb:1)
  3 alligators
  11 centaur warriors
  A two-headed ogre (Orc:2)
  20 death scarabs
  An azure jelly zombie (Crypt:3)
  8 deep troll earth magi
  2 boulder beetles
  2 vampire magi
  9 deep troll shamans
  The ghost of Querens the Nimble, a journeyman SpEn of Wu Jian (Orc:2)
  4 tengu warriors
  3 naga sharpshooters (Zig:9)
  2 shock serpents
  2 orc high priests (Orc:1)
  3 thrashing horrors
  6 spriggan berserkers
  Amaemon (Lair:3)
  5 soul eaters
  An emperor scorpion zombie (Crypt:3)
  A wretched star (Abyss:3)
  11 hell knights (Depths:3)
  9 sixfirhies (Pan)
  8 iron trolls
  A salamander mystic (Zig:9)
  28 sun demons (Pan)
  5 shadow wraiths
  11 pharaoh ants
  32 skeletal warriors
  A spatial maelstrom (Abyss:3)
  3 sea snakes (Lair:5)
  A bunyip zombie (Crypt:2)
  2 skysharks
  A swamp dragon (Swamp:1)
  59 deep trolls
  A glowing orange brain (shapeshifter) (Depths:2)
  2 bog bodies (Lair:2)
  6 flayed ghosts
  3 glowing orange brains
  2 goliath frogs
  9 orb spiders
  12 wizards
  3 spriggan druids
  7 phantasmal warriors
  13 ironbound convokers
  4 shadow demons (Pan)
  A shadow dragon zombie (Depths:1)
  A deep elf pyromancer (D:14)
  4 steelbarb worms
  21 starcursed masses
  A steelbarb worm (shapeshifter) (Vaults:5)
  9 necromancers
  4 deep elf zephyrmancers
  9 orc knights
  A faun (shapeshifter) (Depths:2)
  7 harpies
  4 manticores
  6 wolf spiders
  5 orc sorcerers (Orc:2)
  A shining eye (Slime:2)
  A tengu skeleton (Depths:1)
  39 ugly things
  15 large abominations
  4 moths of wrath
  An elephant (shapeshifter) (Vaults:5)
  2 worldbinders (Gauntlet)
  3 will-o-the-wisps
  3 cyclopes
  11 elephants
  An iron dragon skeleton (Crypt:3)
  9 vault sentinels
  2 naga magi (Zig:9)
  An eye of devastation (Slime:3)
  7 orange demons
  20 smoke demons
  5 black mambas
  7 demonic crawlers
  7 torpor snails
  A guardian serpent (Desolation)
  A shock serpent zombie (Crypt:2)
  11 cane toads
  An unseen horror zombie (Crypt:3)
  17 yaktaurs
  3 rime drakes
  2 kobold demonologists
  An unseen horror (D:11)
  5 komodo dragons
  An alligator snapping turtle zombie (Crypt:3)
  2 tengu conjurers
  6 freezing wraiths
  2 ice devils (Depths:2)
  A hellion (Pan)
  An efreet (D:15)
  6 ancient zymes
  17 guardian mummies
  A purple draconian zombie (Crypt:2)
  6 tormentors
  A catoblepas skeleton (Crypt:2)
  A bloated husk (Swamp:2)
  3 red devils
  2 harpy zombies (Tomb:1)
  12 hellwings
  9 hornets
  A polar bear (Lair:1)
  6 trolls
  A fire giant simulacrum (Depths:1)
  26 saltlings (Desolation)
  11 tarantellas
  6 raiju
  A wind drake (Lair:5)
  9 tyrant leeches
  3 blink frogs (Lair:3)
  16 jumping spiders
  45 slime creatures
  An ettin skeleton (Depths:1)
  A guardian serpent skeleton (Crypt:1)
  12 spriggans
  An air elemental (Orc:2)
  13 culicivoras
  5 ynoxinuls
  3 shadows
  14 flying skulls
  4 wyverns
  A vampire (D:11)
  2 water elementals
  2 wraiths
  24 yaks
  5 basilisks
  A fire bat (Pan)
  A hog (Spider:2)
  5 ushabtiu
  A neqoxec (Depths:2)
  A steam dragon (Lair:4)
  A fire elemental (Elf:1)
  A swamp worm simulacrum (Swamp:4)
  2 chaos spawn
  13 vampire mosquitoes
  23 redbacks
  8 wargs
  15 swamp worms
  3 nagas (Zig:9)
  An ogre zombie (Vaults:5)
  2 hell hounds (Abyss:3)
  14 hydra simulacra (Swamp:4)
  9 water moccasins
  A merfolk skeleton (Crypt:3)
  A black bear (D:5)
  2 floating eyes
  26 orc warriors
  4 swamp drakes
  An ice beast (D:7)
  A dream sheep zombie (Crypt:2)
  6 ogres
  16 centaurs
  4 boggarts (Gauntlet)
  6 small abominations
  A swamp dragon skeleton (Pan)
  A blink frog skeleton (Crypt:3)
  A fire crab zombie (Crypt:3)
  2 kobold brigands
  4 bullfrogs
  3 necrophages
  A cyclops zombie (Crypt:3)
  2 earth elementals
  6 scorpions
  15 killer bees (D:10)
  A raiju zombie (Crypt:2)
  An electric eel (Lair:2)
  4 howler monkeys
  8 crimson imps
  11 orc priests
  3 hounds
  4 jellies (Lair:4)
  A gnoll bouda (D:3)
  2 iguanas (D:4)
  9 orc wizards
  A naga zombie (Crypt:2)
  16 mummies
  6 gnolls
  3 adders
  A shadow imp (D:5)
  2 swamp drake simulacra (Swamp:4)
  An ufetubus (Abyss:3)
  An adder skeleton (Crypt:1)
  2 worms (D:2)
  5 dart slugs
  40 orcs
  2 ball pythons
  5 endoplasms
  2 giant cockroaches (D:1)
  6 goblins
  6 hobgoblins
  6 jackals
  12 kobolds
  3 quokkas
  7 bats
  A frilled lizard (D:2)
  3 rats
  8 briar patches (Swamp:3)
  A bush (D:11)
  2 fire vortices (Pan)
  A pillar of salt (Desolation)
  5 starspawn tentacles
1721 creatures vanquished.

Vanquished Creatures (collateral kills)
  the Royal Jelly (Slime:5)
  An ancient lich (Vaults:5)
  7 royal mummies (Tomb:3)
  A caustic shrike (Zig:8)
  Nikola (Vaults:1)
  2 titans (Pan)
  4 acid blobs (Slime:5)
  2 ancient champions (Tomb:3)
  2 thorn hunters (Swamp:3)
  A tentacled starspawn (Abyss:3)
  A demonspawn warmonger (Pan)
  A rockslime (Slime:5)
  2 revenants
  A ghost moth (Spider:4)
  A frost giant (Depths:1)
  3 azure jellies (Slime:5)
  A vault warden (Vaults:5)
  An iron dragon (Zig:8)
  A juggernaut zombie (Tomb:2)
  4 very ugly things
  An angel (Abyss:3)
  2 quicksilver oozes (Slime:5)
  A cacodemon (Pan)
  2 draconian annihilators (Pan)
  An orc warlord (Vaults:4)
  An ironbound thunderhulk (Vaults:2)
  2 halazid warlocks (Desolation)
  3 bennus (Tomb:3)
  2 bunyips (Swamp:3)
  2 spark wasps (Depths:1)
  2 green deaths (Pan)
  An iron golem (Zig:8)
  7 mummy priests (Tomb:3)
  A crystal guardian (Desolation)
  An entropy weaver (shapeshifter) (Vaults:5)
  A vault guard (Vaults:5)
  A ragged hierophant (Desolation)
  A yaktaur captain (Vaults:5)
  3 hydras (Swamp:3)
  An ice dragon (Depths:1)
  A spriggan air mage (Depths:1)
  2 peacekeepers (Desolation)
  A ghost crab (Swamp:3)
  2 alligators (Swamp:3)
  An ironbound frostheart (Vaults:1)
  2 deep troll shamans (Depths:1)
  4 death scarabs (Tomb:2)
  2 deep troll earth magi (Depths:1)
  2 shock serpents (Pan)
  A soul eater (Pan)
  A sun demon (Pan)
  2 wretched stars (Abyss:3)
  An iron troll (Depths:1)
  2 sixfirhies (Pan)
  8 skeletal warriors
  A shadow wraith (Vaults:5)
  2 deep trolls (Depths:1)
  A pharaoh ant (Spider:4)
  A glowing orange brain (Depths:1)
  A bog body (Swamp:3)
  A shadow demon (Pan)
  An orb spider (Spider:4)
  2 necromancers
  A shadow dragon skeleton (Depths:1)
  An ironbound convoker (Vaults:5)
  2 ugly things (Depths:1)
  4 will-o-the-wisps
  A shining eye (Slime:5)
  An eye of devastation (Slime:5)
  8 smoke demons
  3 large abominations (Abyss:3)
  A yaktaur (Vaults:5)
  14 guardian mummies
  7 hellwings (Pan)
  2 tyrant leeches (Swamp:3)
  A bloated husk (Swamp:3)
  10 saltlings (Desolation)
  2 raiju (Abyss:3)
  A stone giant simulacrum (Tomb:3)
  A jumping spider (Spider:4)
  4 slime creatures
  9 flying skulls
  4 ynoxinuls
  A culicivora (Spider:4)
  14 ushabtiu
  9 vampire mosquitoes (Swamp:3)
  A chaos spawn (Abyss:3)
  An elf simulacrum (Vaults:5)
  A neqoxec (Abyss:3)
  2 redbacks
  2 hell hounds (Abyss:3)
  A human zombie (Vaults:5)
  A jelly (Abyss:3)
  5 starcursed masses (Abyss:3)
  15 mummies
  3 briar patches (Swamp:3)
  A starspawn tentacle (Abyss:3)
250 creatures vanquished.

Vanquished Creatures (others)
  A demonspawn blood saint (Pan)
  A hydra (Swamp:4)
  An alligator (Swamp:3)
  A skeletal warrior (Crypt:2)
  An ironbound convoker (Vaults:1)
  A will-o-the-wisp (Swamp:3)
  A smoke demon (Pan)
  A gargoyle (Zig:8)
  4 bloated husks
  A culicivora (Spider:3)
  A ynoxinul (Pan)
  An ushabti (Tomb:3)
  3 briar patches (Swamp:3)
  A fire vortex (Pan)
  26 foxfires
  30 fungi
  66 plants
  18 starspawn tentacles
  A withered plant (Desolation)
160 creatures vanquished.

Grand Total: 2131 creatures vanquished

Notes
Turn   | Place    | Note
-------+----------+-------------------------------------------
     0 | D:1      | 0netwelve the Hill Orc Monk began the quest for the Orb.
     0 | D:1      | Reached XP level 1. HP: 19/19 MP: 1/1
   154 | D:1      | Reached XP level 2. HP: 24/26 MP: 2/2
   221 | D:1      | Reached skill level 5 in Axes
   370 | D:1      | Reached XP level 3. HP: 16/31 MP: 3/3
   503 | D:3      | Found a glowing drain.
   681 | D:2      | Reached skill level 6 in Axes
   899 | D:3      | Found a stormy altar of Qazlal.
   899 | D:3      | Found a glowing golden altar of the Shining One.
   904 | D:3      | Became a worshipper of the Shining One
   904 | D:3      | Reached * piety under the Shining One
   904 | D:3      | Reached ** piety under the Shining One
  1006 | D:5      | Entered Level 5 of the Dungeon
  1010 | D:5      | Noticed a scorpion
  1055 | D:4      | Reached XP level 4. HP: 39/39 MP: 4/4
  1072 | D:4      | Found a large runed translucent door.
  1072 | D:4      | Found a large runed translucent door.
  1077 | D:4      | Noticed a sky beast
  1077 | D:4      | Noticed a two-headed ogre
  1094 | D:4      | Noticed a necrophage
  1127 | D:4      | Killed a necrophage
  1128 | D:4      | Reached skill level 1 in Evocations
  1128 | D:4      | Reached XP level 5. HP: 45/45 MP: 4/6
  1234 | D:4      | Reached skill level 7 in Axes
  1234 | D:4      | Reached XP level 6. HP: 38/51 MP: 5/8
  1602 | D:4      | Reached skill level 8 in Axes
  1726 | D:5      | Noticed a water moccasin
  1733 | D:5      | Killed a water moccasin
  1734 | D:5      | Reached skill level 9 in Axes
  1734 | D:5      | Reached XP level 7. HP: 34/57 MP: 5/9
  1877 | D:5      | Reached skill level 10 in Axes
  2084 | D:5      | Reached skill level 11 in Axes
  2084 | D:5      | Reached XP level 8. HP: 64/64 MP: 8/10
  2095 | D:5      | Noticed a yak
  2311 | D:4      | Reached skill level 12 in Axes
  2329 | D:4      | Found a large runed translucent door.
  2329 | D:4      | Found a large runed translucent door.
  2436 | D:7      | Noticed Pikel
  2455 | D:6      | Identified the +5 chain mail of Okawaru's Regard {Harm Fly
                  | Int+2}
  2606 | D:8      | You are sucked into a shaft and drop 2 floors!
  2606 | D:10     | Entered Level 10 of the Dungeon
  2617 | D:11     | Noticed a centaur warrior
  2685 | D:10     | Reached skill level 13 in Axes
  2818 | D:10     | Noticed a kobold demonologist
  2821 | D:10     | Reached skill level 14 in Axes
  2821 | D:10     | Reached XP level 9. HP: 64/70 MP: 11/11
  2825 | D:10     | Killed a kobold demonologist
  2937 | D:8      | Noticed a two-headed ogre
  2969 | D:9      | Reached skill level 1 in Armour
  3140 | D:7      | Found an ornate altar of the Wu Jian Council.
  3376 | D:9      | Reached skill level 5 in Fighting
  3558 | D:10     | Reached skill level 5 in Armour
  3560 | D:10     | Reached XP level 10. HP: 83/86 MP: 10/12
  3570 | D:10     | Reached skill level 15 in Axes
  3721 | D:11     | Noticed a brown ugly thing
  3730 | D:11     | Killed a brown ugly thing
  3752 | D:11     | Noticed a kobold demonologist
  3761 | D:11     | Killed a kobold demonologist
  3767 | D:11     | Found a radiant altar of Vehumet.
  3784 | D:11     | Reached *** piety under the Shining One
  3793 | D:11     | Reached skill level 16 in Axes
  3835 | D:11     | Noticed a boulder beetle
  3872 | D:11     | Killed a boulder beetle
  3873 | D:11     | Reached skill level 17 in Axes
  3890 | D:11     | Reached XP level 11. HP: 94/97 MP: 13/13
  3915 | D:11     | Killed a centaur warrior
  3916 | D:11     | Reached skill level 18 in Axes
  3927 | D:11     | Found a runed translucent door.
  3927 | D:11     | Noticed a seven-headed hydra
  3927 | D:11     | Noticed NoOffense's ghost (journeyman TrMo)
  4018 | D:12     | Noticed a sixfirhy
  4022 | D:12     | Noticed a cyclops
  4047 | D:12     | Found a staircase to the Orcish Mines.
  4201 | D:12     | Killed a cyclops
  4216 | D:12     | Noticed a white ugly thing
  4223 | D:12     | Killed a white ugly thing
  4238 | D:13     | Noticed a manticore
  4249 | D:12     | Reached skill level 19 in Axes
  4304 | D:13     | Noticed a cyclops
  4304 | D:13     | Noticed a centaur warrior
  4308 | D:12     | Killed a centaur warrior
  4347 | D:13     | Noticed a centaur warrior
  4353 | D:13     | Killed a centaur warrior
  4372 | D:13     | Killed a manticore
  4390 | D:14     | Noticed a deep elf pyromancer
  4484 | D:12     | Noticed a manticore
  4493 | D:12     | Killed a manticore
  4494 | D:12     | Reached skill level 20 in Axes
  4529 | D:12     | Noticed a manticore
  4555 | D:12     | Killed a manticore
  4632 | D:12     | Reached XP level 12. HP: 62/106 MP: 11/14
  4636 | D:12     | Reached skill level 10 in Fighting
  4807 | Orc:1    | Entered Level 1 of the Orcish Mines
  4862 | Orc:2    | Entered Level 2 of the Orcish Mines
  5011 | Orc:2    | Reached **** piety under the Shining One
  5124 | Orc:2    | Noticed an orc high priest
  5131 | Orc:2    | Noticed a soul eater
  5139 | Orc:1    | Killed an orc high priest
  5149 | Orc:2    | Noticed an orc high priest
  5164 | Orc:1    | Killed an orc high priest
  5165 | Orc:1    | Reached skill level 5 in Dodging
  5204 | Orc:2    | Found Uvomul's Jewellery Boutique.
  5230 | Orc:2    | Found a staircase to the Elven Halls.
  5247 | Orc:2    | Found Pitziej's General Store.
  5273 | Orc:2    | Found Sipu's Antique Armour Shop.
  5278 | Orc:2    | Found a runed translucent gate.
  5279 | Orc:2    | Found a runed translucent gate.
  5279 | Orc:2    | Found a runed translucent gate.
  5279 | Orc:2    | Noticed Querens's ghost (journeyman SpEn)
  5299 | Orc:2    | Bought a bloodstained helmet for 209 gold pieces
  5299 | Orc:2    | Identified the +1 helmet of Plasticity {rElec Int+3 Dex+4}
                  | (You bought it in a shop on level 2 of the Orcish Mines)
  5321 | Orc:2    | Bought a dazzling chain mail for 209 gold pieces
  5321 | Orc:2    | Identified the +1 chain mail "Lilyull" {rF+++ Will+} (You
                  | bought it in a shop on level 2 of the Orcish Mines)
  5445 | Orc:2    | Found Rarri's Antique Weapon Shop.
  5445 | Orc:2    | Noticed an orc warlord
  5469 | Orc:2    | Killed an orc warlord
  5478 | Orc:2    | Reached XP level 13. HP: 79/124 MP: 15/15
  5588 | Elf:1    | Entered Level 1 of the Elven Halls
  5595 | Elf:1    | Paralysed by an air elemental for 1 turns
  5609 | Orc:2    | Reached skill level 15 in Fighting
  5789 | Elf:1    | Paralysed by an air elemental for 1 turns
  5854 | Orc:2    | Killed Querens's ghost
  5891 | Orc:2    | Bought a scroll of acquirement for 884 gold pieces
  5891 | Orc:2    | Acquired a +2 executioner's axe of venom
  5994 | D:11     | Found a staircase to the Lair.
  6030 | Lair:1   | Entered Level 1 of the Lair of Beasts
  6312 | Lair:4   | Found a staircase to the Slime Pits.
  6333 | Lair:4   | Found a gate leading to a gauntlet.
  6342 | Gauntlet | Entered a Gauntlet
  6342 | Gauntlet | Found a transporter.
  6347 | Gauntlet | Found a transporter.
  6351 | Gauntlet | Found a transporter.
  6359 | Gauntlet | Found a transporter.
  6363 | Gauntlet | Found a transporter.
  6368 | Gauntlet | Found a transporter.
  6371 | Gauntlet | Found a transporter.
  6375 | Gauntlet | Found a transporter.
  6381 | Gauntlet | Found a transporter.
  6386 | Gauntlet | Found a transporter.
  6387 | Gauntlet | Found a transporter.
  6392 | Gauntlet | Found a transporter.
  6395 | Gauntlet | Found a transporter.
  6455 | Gauntlet | Found a transporter.
  6508 | Gauntlet | Reached ***** piety under the Shining One
  6543 | Gauntlet | Identified the +0 helmet of Qazlal's Castigation {Str+3}
  6590 | Gauntlet | Identified the +3 quarterstaff of Loneva {heavy, Str+2}
  6590 | Gauntlet | Noticed a minotaur
  6604 | Gauntlet | Killed a minotaur
  6621 | Gauntlet | Identified the +0 leather armour "Hinenaop" {rElec rC+
                  | Will+}
  6674 | Lair:3   | Noticed Amaemon
  6682 | Lair:3   | Killed Amaemon
  6701 | Lair:3   | Reached XP level 14. HP: 141/144 MP: 16/16
  6744 | Lair:5   | Entered Level 5 of the Lair of Beasts
  6906 | Lair:5   | Found the +7 captain's cutlass {speed, disarm}
  7272 | Lair:3   | Got the Elucidation of Bodies and the Vector
  7350 | Lair:2   | Found a hole to the Spider Nest.
  7381 | Lair:2   | Found a one-way gate to the infinite horrors of the Abyss.
  7381 | Lair:2   | Noticed Cair's ghost (journeyman BaFi)
  7399 | Lair:2   | Found a transporter.
  7416 | Lair:2   | Found a transporter.
  7477 | Lair:2   | Killed Cair's ghost
  7665 | Lair:2   | Found a staircase to the Swamp.
  7680 | Swamp:1  | Entered Level 1 of the Swamp
  7693 | Swamp:1  | Noticed Donald
  7709 | Swamp:1  | Killed Donald
  7927 | Swamp:2  | Reached XP level 15. HP: 131/160 MP: 17/17
  8092 | Swamp:1  | Identified the +5 war axe "Tigas" {flame, rF+ rN+ Str-2}
  8237 | Swamp:2  | Reached ****** piety under the Shining One
  8253 | Swamp:2  | Reached skill level 5 in Invocations
  8338 | Swamp:3  | Noticed a thorn hunter
  8357 | Swamp:3  | Noticed a thorn hunter
  8370 | Swamp:3  | Killed a thorn hunter
  8417 | Swamp:3  | Noticed a fenstrider witch
  8424 | Swamp:3  | Killed a fenstrider witch
  8451 | Swamp:3  | Killed a thorn hunter
  8452 | Swamp:3  | Reached skill level 21 in Axes
  8770 | Swamp:3  | You fall into a shaft and drop 1 floor!
  8770 | Swamp:4  | Entered Level 4 of the Swamp
  8816 | Swamp:4  | Reached skill level 10 in Invocations
  8895 | Swamp:4  | Noticed Mara
  8928 | Swamp:3  | Reached skill level 22 in Axes
  8981 | Swamp:4  | Reached XP level 16. HP: 169/169 MP: 23/23
  9276 | Swamp:4  | Got a decaying rune of Zot
  9358 | Swamp:2  | Reached skill level 23 in Axes
  9492 | Lair:4   | Found a viscous altar of Jiyva.
  9511 | Slime:1  | Entered Level 1 of the Pits of Slime
  9534 | Slime:2  | Noticed an acid blob
  9534 | Slime:2  | Noticed a rockslime
  9548 | Slime:2  | Noticed an azure jelly
  9557 | Slime:2  | Killed an azure jelly
  9619 | Slime:2  | Gained mutation: You are weak. (Str -2) [a shining eye]
  9665 | Slime:2  | Lost mutation: You are weak. (Str -2) [potion of mutation]
  9665 | Slime:2  | Gained mutation: You have hidden genetic defects. [potion
                  | of mutation]
  9665 | Slime:2  | Gained mutation: You possess an exceptional clarity of
                  | mind. [potion of mutation]
  9665 | Slime:2  | Gained mutation: You passively dampen the noise of your
                  | surroundings. [potion of mutation]
  9665 | Slime:2  | Gained mutation: You have sharp toenails. [potion of
                  | mutation]
  9693 | Slime:2  | Killed a rockslime
  9695 | Slime:2  | HP: 1/169 [disintegration (19)]
  9794 | Slime:2  | Noticed an acid blob
  9800 | Slime:2  | Killed an acid blob
  9814 | Slime:2  | You fall into a shaft and drop 1 floor!
  9849 | Slime:4  | Noticed an acid blob
  9876 | Slime:4  | Killed an acid blob
  9911 | Slime:5  | Entered Level 5 of the Pits of Slime
  9940 | Slime:5  | Noticed an acid blob
  9963 | Slime:5  | Killed an acid blob
  9969 | Slime:5  | Noticed an acid blob
  9991 | Slime:5  | Killed an acid blob
  9992 | Slime:5  | Gained mutation: You are dopey. (Int -2) [hidden defects]
 10032 | Slime:5  | Noticed an acid blob
 10035 | Slime:5  | Noticed an acid blob
 10039 | Slime:5  | Found a viscous altar of Jiyva.
 10039 | Slime:5  | Noticed an acid blob
 10039 | Slime:5  | Noticed the Royal Jelly
 10039 | Slime:5  | Noticed an acid blob
 10047 | Slime:5  | Killed an acid blob
 10050 | Slime:5  | Killed an acid blob
 10050 | Slime:5  | Killed an acid blob
 10056 | Slime:5  | Killed an acid blob
 10057 | Slime:5  | Noticed a rockslime
 10057 | Slime:5  | Noticed an azure jelly
 10057 | Slime:5  | Noticed an acid blob
 10061 | Slime:5  | Killed a rockslime
 10067 | Slime:5  | Noticed an azure jelly
 10069 | Slime:5  | Killed the Royal Jelly
 10070 | Slime:5  | Noticed an azure jelly
 10072 | Slime:5  | Gained mutation: You occasionally lose the ability to drink
                  | potions when taking damage. [hidden defects]
 10072 | Slime:5  | Lost mutation: You have hidden genetic defects. [hidden
                  | defects expressed]
 10081 | Slime:5  | Killed an azure jelly
 10084 | Slime:5  | Killed an azure jelly
 10086 | Slime:5  | Killed an azure jelly
 10088 | Slime:5  | Killed an acid blob
 10106 | Slime:5  | Noticed a rockslime
 10111 | Slime:5  | Killed a rockslime
 10128 | Slime:5  | Identified the +7 great sword "Wodouwarch" {heavy, Stlth+}
 10138 | Slime:5  | Identified the ring "Duat" {MP+9 Dex+4}
 10155 | Slime:5  | Noticed an acid blob
 10160 | Slime:5  | Killed an acid blob
 10161 | Slime:5  | Reached XP level 17. HP: 124/176 MP: 8/27
 10184 | Slime:5  | Got a slimy rune of Zot
 10195 | Slime:5  | Noticed an acid blob
 10198 | Slime:5  | Killed an acid blob
 10234 | Slime:5  | Noticed an acid blob
 10237 | Slime:5  | Killed an acid blob
 10363 | Spider:1 | Entered Level 1 of the Spider Nest
 10412 | Spider:1 | Lost mutation: You passively dampen the noise of your
                  | surroundings. [potion of mutation]
 10412 | Spider:1 | Lost mutation: You possess an exceptional clarity of mind.
                  | [potion of mutation]
 10412 | Spider:1 | Lost mutation: You have sharp toenails. [potion of
                  | mutation]
 10412 | Spider:1 | Gained mutation: You sometimes lose the ability to drink
                  | potions when taking damage. [potion of mutation]
 10412 | Spider:1 | Gained mutation: You are robust. (+10% HP) [potion of
                  | mutation]
 10457 | Spider:2 | Noticed Arachne
 10574 | Spider:2 | Noticed Frances
 10584 | Spider:2 | Reached skill level 24 in Axes
 10738 | Spider:1 | Killed Arachne
 11064 | Spider:4 | Entered Level 4 of the Spider Nest
 11140 | Spider:4 | Reached skill level 10 in Armour
 11537 | Spider:4 | Reached skill level 25 in Axes
 11661 | Spider:4 | Identified the +6 tower shield "Meysu" {rElec}
 11675 | Spider:4 | Got a gossamer rune of Zot
 11716 | Spider:4 | Reached XP level 18. HP: 150/202 MP: 6/28
 12114 | D:13     | Found Edinnu's Vocational Training.
 12379 | D:15     | Entered Level 15 of the Dungeon
 12480 | D:15     | Found a shimmering altar of Xom.
 12482 | D:15     | Found a shimmering altar of Xom.
 12482 | D:15     | Found a shimmering altar of Xom.
 12483 | D:15     | Found a shimmering altar of Xom.
 12485 | D:15     | Found a shimmering altar of Xom.
 12485 | D:15     | Found a shimmering altar of Xom.
 12547 | D:15     | Found a shimmering altar of Xom.
 12598 | D:15     | Learned a level 2 spell: Wereblood
 12664 | D:15     | Found a staircase to the Depths.
 12750 | D:14     | Found a gate to the Vaults.
 12781 | D:14     | Reached skill level 26 in Axes
 12794 | Vaults:1 | Entered Level 1 of the Vaults
 12794 | Vaults:1 | Found Ventito's Distillery.
 12828 | Vaults:1 | Found a white marble altar of Elyvilon.
 12829 | Vaults:1 | Found a crumbling gateway.
 12829 | Vaults:1 | Found a glowing silver altar of Zin.
 12837 | Vaults:1 | Found a glowing golden altar of the Shining One.
 12839 | Vaults:1 | Noticed Nikola
 12893 | Desolati | Entered the Desolation of Salt
 12944 | Desolati | Found the +3 giant club "Skullcrusher" {speed, Str+7}
 12997 | Desolati | Identified the ring "Miraroif" {rC- Will+ Int+3 Dex+2
                  | Stlth+}
 13064 | Desolati | Reached skill level 15 in Invocations
 13232 | Abyss:2  | Cast into level 2 of the Abyss (a wizard)
 13233 | Abyss:2  | Found a corrupted altar of Lugonu.
 13258 | Abyss:3  | Found a corrupted altar of Lugonu.
 13490 | Abyss:3  | Reached XP level 19. HP: 128/211 MP: 31/31
 13572 | Abyss:3  | Got an abyssal rune of Zot
 13600 | Abyss:3  | Paralysed by accursed screaming for 1 turns
 13620 | Vaults:1 | Escaped the Abyss
 13651 | Vaults:1 | Killed Nikola
 13888 | Vaults:1 | Found Yruur's Weapon Shop.
 13970 | Vaults:1 | Found Debilup's Distillery.
 14012 | Vaults:1 | Found Xaps's Jewellery Shop.
 14107 | Vaults:1 | Found a flickering gateway to a bazaar.
 14116 | Bazaar   | Entered a bazaar
 14116 | Bazaar   | Found Daush's Assorted Antiques.
 14128 | Bazaar   | Found Deppaat's Assorted Antiques.
 14136 | Bazaar   | Found Etemeas's Distillery.
 14141 | Bazaar   | Found Widei's General Store.
 14149 | Bazaar   | Bought a potion of haste for 170 gold pieces
 14156 | Bazaar   | Bought 2 potions of heal wounds for 110 gold pieces
 14156 | Bazaar   | Bought 2 potions of might for 88 gold pieces
 14156 | Bazaar   | Bought a potion of curing for 33 gold pieces
 14156 | Bazaar   | Bought a potion of haste for 110 gold pieces
 14156 | Bazaar   | Bought a potion of heal wounds for 55 gold pieces
 14156 | Bazaar   | Bought a potion of heal wounds for 55 gold pieces
 14156 | Bazaar   | Bought a potion of cancellation for 88 gold pieces
 14162 | Bazaar   | Bought a wand of digging (4) for 403 gold pieces
 14174 | Bazaar   | Bought a scroll labelled FOYGYE OZIPHE for 36 gold pieces
 14180 | Bazaar   | Found Zupeukaj's Distillery.
 14188 | Bazaar   | Bought a potion of might for 32 gold pieces
 14188 | Bazaar   | Bought a potion of haste for 80 gold pieces
 14243 | Vaults:2 | Found a portal to a secret trove of treasure.
 14251 | Vaults:2 | Noticed Jory
 14267 | Vaults:2 | Killed Jory
 14472 | Vaults:3 | Reached skill level 10 in Dodging
 14611 | Vaults:4 | Found Suxaaxye's Armour Shoppe.
 14663 | Vaults:4 | Reached XP level 20. HP: 98/220 MP: 33/33
 14814 | Vaults:4 | The Shining One protects you from harm!
 14840 | Vaults:4 | Lost mutation: You sometimes lose the ability to drink
                  | potions when taking damage. [potion of mutation]
 14840 | Vaults:4 | Lost mutation: You are dopey. (Int -2) [potion of mutation]
 14840 | Vaults:4 | Lost mutation: You are robust. (+10% HP) [potion of
                  | mutation]
 14840 | Vaults:4 | Gained mutation: You expend magic power (3 MP) to
                  | strengthen your wands. [potion of mutation]
 14840 | Vaults:4 | Gained mutation: You are frail. (-10% HP) [potion of
                  | mutation]
 14840 | Vaults:4 | Gained mutation: You are agile. (Dex +4, Str/Int -1)
                  | [potion of mutation]
 14841 | Vaults:4 | Lost mutation: You are frail. (-10% HP) [potion of
                  | mutation]
 14841 | Vaults:4 | Lost mutation: You occasionally lose the ability to drink
                  | potions when taking damage. [potion of mutation]
 14841 | Vaults:4 | Gained mutation: Your mind is acute. (Int +4, Str/Dex -1)
                  | [potion of mutation]
 15006 | Vaults:5 | Entered Level 5 of the Vaults
 15391 | Vaults:5 | Noticed a golden dragon
 15449 | Vaults:5 | Noticed an ancient lich
 15455 | Vaults:5 | Killed an ancient lich
 15599 | Vaults:5 | Got a silver rune of Zot
 15611 | Vaults:5 | Noticed a dread lich
 15622 | Vaults:5 | Killed a dread lich
 15623 | Vaults:5 | Reached XP level 21. HP: 187/207 MP: 31/35
 15672 | Vaults:5 | Killed a golden dragon
 15673 | Vaults:5 | Reached skill level 15 in Armour
 16078 | Vaults:5 | Identified the -1 hat of the Great Game {Str+2}
 16095 | Vaults:5 | Identified the +6 hand axe of Arrival {flame, rElec Dex+3}
 16116 | Vaults:5 | Got the Atlas of Liminal Blasphemous Rituals
 16372 | Vaults:3 | Noticed Boris
 16436 | Vaults:3 | Found a staircase to the Crypt.
 16436 | Vaults:3 | Found an ancient bone altar of Kikubaaqudgha.
 16437 | Vaults:3 | Found a basalt altar of Yredelemnul.
 16443 | Crypt:1  | Entered Level 1 of the Crypt
 16475 | Crypt:2  | Found a basalt altar of Yredelemnul.
 16486 | Crypt:2  | Acquired 1272 gold pieces
 16502 | Crypt:2  | Identified a +9 executioner's axe of holy wrath (a +8
                  | executioner's axe of electrocution blessed by the Shining
                  | One)
 16502 | Crypt:2  | Received a gift from the Shining One
 16548 | Crypt:2  | Paralysed by a vampire knight for 3 turns
 16606 | Crypt:2  | Noticed Bai Suzhen
 16621 | Crypt:2  | Killed Bai Suzhen
 16732 | Crypt:3  | Entered Level 3 of the Crypt
 16835 | Crypt:3  | Reached XP level 22. HP: 197/215 MP: 36/36
 16851 | Crypt:3  | Noticed a dread lich
 16862 | Crypt:3  | Killed a dread lich
 16916 | Crypt:3  | Reached skill level 15 in Dodging
 16970 | Crypt:3  | Found an ancient bone altar of Kikubaaqudgha.
 17007 | Crypt:3  | Noticed a dread lich
 17021 | Crypt:3  | Killed a dread lich
 17032 | Crypt:3  | Identified the ring "Ocsususe" {rN+ Str+3 Int+2 Dex+2}
 17032 | Crypt:3  | Identified the ring of Fupt {rPois rN+}
 17032 | Crypt:3  | Identified the ring "Arghoy" {rElec rN+ Int+3}
 17178 | Crypt:3  | Found a staircase to the Tomb.
 17185 | Tomb:1   | Entered Level 1 of the Tomb of the Ancients
 17216 | Tomb:1   | Identified the +7 trident of Uncomfortable Rashes {heavy,
                  | *Slow rElec rC+ rN+++}
 17431 | Tomb:1   | Noticed a royal mummy
 17445 | Tomb:1   | Killed a royal mummy
 17470 | Tomb:1   | Noticed a royal mummy
 17477 | Tomb:1   | Killed a royal mummy
 17702 | Tomb:3   | Entered Level 3 of the Tomb of the Ancients
 17774 | Tomb:3   | Reached XP level 23. HP: 144/226 MP: 4/38
 17816 | Tomb:3   | Noticed a royal mummy
 17820 | Tomb:3   | Killed a royal mummy
 17821 | Tomb:3   | Noticed a royal mummy
 17823 | Tomb:3   | Identified the +5 tower shield of Philately {rPois rF+
                  | Regen+ Dex-4}
 17823 | Tomb:3   | Killed a royal mummy
 17832 | Tomb:3   | Noticed a royal mummy
 17849 | Tomb:3   | Killed a royal mummy
 17861 | Tomb:3   | Noticed a royal mummy
 17871 | Tomb:3   | Noticed a royal mummy
 17874 | Tomb:3   | HP: 5/226 [death scarab[a royal mummy] (18)]
 17877 | Tomb:2   | HP: 2/226 [death scarab (3)]
 17991 | Tomb:3   | Noticed a royal mummy
 17991 | Tomb:3   | Noticed a royal mummy
 17991 | Tomb:3   | Noticed a royal mummy
 18000 | Tomb:3   | Killed a royal mummy
 18006 | Tomb:3   | Killed a royal mummy
 18017 | Tomb:3   | Killed a royal mummy
 18021 | Tomb:3   | Killed a royal mummy
 18034 | Tomb:3   | Killed a royal mummy
 18037 | Tomb:3   | Noticed a royal mummy
 18043 | Tomb:3   | Killed a royal mummy
 18116 | Tomb:3   | Identified the ring of Bycudo {rPois rF+ rN+ rCorr MP-9}
 18119 | Tomb:3   | Identified the +3 battleaxe of Strategic Superiority
                  | {drain, Int+3}
 18121 | Tomb:3   | Identified the ring "Sicol" {rC+ Str+6 Int+4 SInv Stlth+}
 18171 | Tomb:3   | Identified the amulet of Ufuam {Faith rC++}
 18236 | Tomb:3   | Got a golden rune of Zot
 18505 | Crypt:2  | Found a basalt altar of Yredelemnul.
 18642 | Vaults:3 | Killed Boris
 18785 | Vaults:1 | Bought 2 potions of curing for 96 gold pieces
 18785 | Vaults:1 | Bought a potion of cancellation for 128 gold pieces
 18785 | Vaults:1 | Bought a potion of heal wounds for 80 gold pieces
 18785 | Vaults:1 | Bought a potion of curing for 48 gold pieces
 18785 | Vaults:1 | Bought a potion of resistance for 160 gold pieces
 18785 | Vaults:1 | Bought 2 potions of heal wounds for 160 gold pieces
 18785 | Vaults:1 | Bought a potion of cancellation for 128 gold pieces
 18835 | Depths:1 | Entered Level 1 of the Depths
 18893 | Depths:1 | Found Leit's General Store.
 18902 | Depths:1 | Bought a potion of haste for 140 gold pieces
 18950 | Depths:1 | Noticed the Enchantress
 18953 | Depths:1 | Reached skill level 5 in Evocations
 19001 | Depths:1 | Killed the Enchantress
 19044 | Depths:1 | Found an iron altar of Okawaru.
 19058 | Depths:2 | Found a gateway to Hell.
 19080 | Depths:2 | Upgraded the game from 0.30-a0-765-g3161bf10a1 to
                  | 0.30-a0-776-g08fbeb92c1
 19083 | Zig:1    | Entered Level 1 of a ziggurat
 19103 | Zig:2    | Entered Level 2 of a ziggurat
 19104 | Zig:2    | Noticed Liappy the pandemonium lord
 19122 | Zig:2    | Killed Liappy the pandemonium lord
 19195 | Zig:3    | Entered Level 3 of a ziggurat
 19216 | Zig:4    | Entered Level 4 of a ziggurat
 19265 | Zig:4    | Acquired the +3 helmet of Vateirch {Harm rF+ Str-2 Dex+2}
 19328 | Zig:5    | Entered Level 5 of a ziggurat
 19339 | Zig:5    | Paralysed by accursed screaming for 1 turns
 19348 | Zig:5    | Reached XP level 24. HP: 162/235 MP: 39/39
 19456 | Zig:6    | Entered Level 6 of a ziggurat
 19460 | Zig:6    | Noticed a royal mummy
 19460 | Zig:6    | Noticed a royal mummy
 19481 | Zig:6    | Killed a royal mummy
 19485 | Zig:6    | Killed a royal mummy
 19498 | Zig:6    | Got the Vademecum on Overcast Attacks
 19571 | Zig:7    | Entered Level 7 of a ziggurat
 19622 | Zig:7    | Identified the +4 flail of the Valley {heavy, rC+ Int+4
                  | Dex-4 Stlth+}
 19671 | Zig:8    | Entered Level 8 of a ziggurat
 19678 | Zig:8    | Noticed a caustic shrike
 19682 | Zig:8    | Identified the -1 tower shield "Gifugaic" {rC+ Will- rCorr}
 19686 | Zig:8    | Killed a caustic shrike
 19687 | Zig:8    | Found the +7 mace of Variability {chaos, chain chaos}
 19746 | Zig:9    | Entered Level 9 of a ziggurat
 19833 | Depths:3 | Noticed a caustic shrike
 19833 | Depths:3 | Noticed a caustic shrike
 19833 | Depths:3 | Noticed a caustic shrike
 19833 | Depths:3 | Noticed a caustic shrike
 19849 | Depths:2 | Killed a caustic shrike
 19851 | Depths:2 | Killed a caustic shrike
 19957 | Depths:2 | Found a shadowy altar of Dithmenos.
 20093 | Depths:3 | Killed a caustic shrike
 20096 | Depths:3 | Killed a caustic shrike
 20103 | Depths:3 | Found a gateway to a bazaar.
 20121 | Bazaar   | Entered a bazaar
 20125 | Bazaar   | Found Quriw's Distillery.
 20135 | Bazaar   | Bought a potion of mutation for 88 gold pieces
 20135 | Bazaar   | Bought a potion of mutation for 88 gold pieces
 20135 | Bazaar   | Bought a potion of experience for 550 gold pieces
 20135 | Bazaar   | Bought 2 potions of heal wounds for 110 gold pieces
 20135 | Bazaar   | Bought a potion of ambrosia for 88 gold pieces
 20135 | Bazaar   | Bought a potion of heal wounds for 55 gold pieces
 20135 | Bazaar   | Bought 2 potions of heal wounds for 110 gold pieces
 20135 | Bazaar   | Reached XP level 25. HP: 243/243 MP: 39/39
 20148 | Bazaar   | Found Aralemewk's Weapon Shoppe.
 20165 | Bazaar   | Found Rios's Assorted Antiques.
 20170 | Bazaar   | Bought a scroll of teleportation for 48 gold pieces
 20170 | Bazaar   | Bought a potion of haste for 160 gold pieces
 20170 | Bazaar   | Bought a potion of heal wounds for 80 gold pieces
 20182 | Bazaar   | Found Roumizun's Antique Armour Emporium.
 20198 | Bazaar   | Bought a pair of glowing gloves for 277 gold pieces
 20198 | Bazaar   | Bought a pair of runed boots for 277 gold pieces
 20230 | Depths:4 | Entered Level 4 of the Depths
 20540 | Depths:4 | Reached skill level 10 in Evocations
 20653 | Depths:4 | Found a gate to the Realm of Zot.
 20686 | Depths:4 | Found a shimmering blue altar of Sif Muna.
 20798 | Depths:4 | Reached XP level 26. HP: 219/250 MP: 39/39
 21335 | Depths:2 | Found a one-way gate leading to the halls of Pandemonium.
 21357 | Pan      | Entered Pandemonium
 21620 | Pan      | Noticed Xibupiag the pandemonium lord
 21634 | Pan      | Paralysed by accursed screaming for 1 turns
 21650 | Pan      | Killed Xibupiag the pandemonium lord
 21668 | Pan      | Entered the realm of Lom Lobon.
 21672 | Pan      | Noticed Mennas
 21722 | Pan      | Killed Mennas
 22088 | Pan      | Noticed Lom Lobon
 22102 | Pan      | Killed Lom Lobon
 22130 | Pan      | Got a magical rune of Zot
 22263 | Pan      | Entered the realm of Cerebov.
 22343 | Pan      | Reached XP level 27. HP: 196/258 MP: 39/39
 22371 | Pan      | Found the +6 sword of Cerebov {flame}
 22371 | Pan      | Noticed Cerebov
 22405 | Pan      | Killed Cerebov
 22462 | Pan      | Got a fiery rune of Zot
 22848 | Pan      | Lost mutation: Your mind is acute. (Int +4, Str/Dex -1) [a
                  | cacodemon]
 22991 | Pan      | Noticed Gyto the pandemonium lord
 22996 | Pan      | Killed Gyto the pandemonium lord
 23029 | Pan      | Got a demonic rune of Zot
 23165 | Pan      | Noticed Quss the pandemonium lord
 23171 | Pan      | Paralysed by a floating eye for 2 turns
 23231 | Pan      | Noticed Wonuti Ola the pandemonium lord
 23244 | Pan      | Killed Wonuti Ola the pandemonium lord
 23325 | Pan      | Entered the realm of Gloorx Vloq.
 23336 | Pan      | Reached skill level 15 in Evocations
 23402 | Pan      | Noticed Gloorx Vloq
 23415 | Pan      | HP: 1/258 [Executioner[Gloorx Vloq] (17)]
 23415 | Pan      | Mangled by an Executioner

Illustrated notes

Levels and vault maps discovered:
D:1:      scummos_arrival_forest, layout_basic,
          wander_ebering_terrifying_dragon_lair
D:2:      layout_loops_ring, serial_shops, nicolae_shop_bloodbath_and_beyond,
          minivault_23
D:3:      layout_basic, pdpol_temple_overflow_zin_treasury_gozag_greed,
          nicolae_overflow_two_pavilions, cheibrodos_sewer_entry_drain,
          minivault_19, nicolae_grassy_gnolls
D:4:      layout_basic, temple_green, minmay_hollow_rounded_squares
D:5:      layout_basic, minmay_misc_feat_four_crosses,
          minmay_manual_mandibuliform
D:6:      layout_basic, minivault_5, uniq_menkaure
D:7:      layout_loops_ring, old_standard_altar, mainiacjoe_overflow_brackets,
          serial_glass, glass_columns_b, glass_columns_a,
          kennysheep_decorative_pillar, nicolae_figureground_pulse, uniq_pikel
D:8:      layout_loops_corners, dreamdust_deal_with_the_devil,
          minmay_liquid_box, uniq_erica
D:9:      layout_gridville
D:10:     layout_basic
D:11:     layout_roguey, minmay_lair_entry_grove, ebering_ghost_inner_flame,
          vehumet_statue
D:12:     layout_loops_corners, david_orc_1_choice
D:13:     layout_rooms, nicolae_shop_vocational
D:14:     layout_rooms, erik_vaults_2, portal_ice_cave_entry_ugly_swarm,
          hangedman_decor_clover_reticule, nrook_guardian_serpent_double
D:15:     grunt_enter_depths_snipers, layout_basic, lemuel_doored_altar,
          nicolae_xom_altar_mimics
Lair:1:   layout_loops_ring, st_stairs_4, hangedman_lair_generics_rect
Lair:2:   beast_lair_carwin_large_2, layout_hall_layers,
          nicolae_swamp_entry_splash_gauntlet, spider_nest_entry_a,
          gammafunk_ghost_abyssal_escape, serial_bayou_pond_a
Lair:3:   dreamdust_cave_troll, layout_chaotic_city, disabler_island,
          lemuel_fruit_tree, infiniplex_staircase_pool_2, uniq_rupert,
          uniq_amaemon
Lair:4:   layout_big_grid, nicolae_slime_entry_field_trip,
          gauntlet_entry_generic, serial_bayou_shore_a,
          infiniplex_staircase_pool, grunt_megastairs_2
Lair:5:   gammafunk_lair_ancient_temple, layout_regular_city
Swamp:1:  layout_falls_marsh, serial_swamp_ruin, hangedman_swamp_ruin_wall,
          evilmike_swamp_ruin_house_5, evilmike_swamp_ruin_house_2, swamp_pool1,
          uniq_donald
Swamp:2:  layout_basic_swamp, evilmike_swamp_ruin_house_4
Swamp:3:  nzn_winding_woodlands_medium [nzn_winding_woodlands_5x5_closed_star,
          nzn_winding_woodlands_5x15_pockets,
          nzn_winding_woodlands_5x5_open_star,
          nzn_winding_woodlands_5x5_perimeter,
          nzn_winding_woodlands_center_garden,
          nzn_winding_woodlands_5x5_checkerboard,
          nzn_winding_woodlands_hourglass, nzn_winding_woodlands_5x15_default,
          nzn_winding_woodlands_5x5_default], layout_basic_swamp, basic_altar,
          swamp_pool5, nicolae_swamp_bloodsuckers_inc
Swamp:4:  swamp_icy, layout_basic_swamp, uniq_mara
Spider:1: layout_spider_delve, hellmonk_narrow_tunnel
Spider:2: layout_spider_delve, special_room [special_room_bee], uniq_frances,
          uniq_kirke, uniq_arachne
Spider:3: layout_spider_delve
Spider:4: hellmonk_spider_rune_endless_swarm
Slime:1:  layout_caves
Slime:2:  layout_caves, nicolae_slime_round_cave
Slime:3:  layout_caves
Slime:4:  cheibrodos_slime_lost_civilization_3, layout_caves
Slime:5:  uniq_dissolution
Orc:1:    layout_caves, mines2_lemuel
Orc:2:    grunt_orc_gardens, layout_caves, grunt_orc_garden, grunt_orc_garden,
          grunt_orc_garden, grunt_orc_garden, ebering_ghost_rock_garden
Elf:1:    minmay_elf_arrival_plus, layout_geoelf_octagon, serial_shops,
          nicolae_shop_hallway_stairs, kennysheep_underground_church,
          grunt_ministairs_5, dk_noncrumbling_2
Vaults:1: portal_desolation_entry_holy_temple, nicolae_vaults_network_square,
          v_misc_10, grunt_vaults_focal, v_alt_pattern_3,
          nicolae_vaults_back_hallway, nicolae_vaults_mini_display_case,
          ontoclasm_vaults_loading_screen, layout_vaults_omnibox, serial_shops,
          freezing_bzr, shop_fountains, nicolae_shop_stone, shop,
          nicolae_lakefront_shop, uniq_nikola
Vaults:2: st_quartered_hall, vaults_dpeg_hooks, v_misc_8,
          nicolae_vaults_network_star, nicolae_vaults_three_branches,
          grunt_vaults_bifocal, vaults_dpeg_ring, v_misc_30,
          layout_vaults_big_room, enter_trove_1, uniq_jory
Vaults:3: hangedman_vaults_snaps, v_misc_26, vaults_mumra_minichess, v_misc_13,
          hangedman_vaults_stagger, ontoclasm_vaults_shuriken, v_misc_18,
          minmay_crypt_entry_necro_gods, nicolae_vaults_statue_guard,
          layout_vaults_quadrants, uniq_boris, uniq_saint_roka
Vaults:4: hangedman_vaults_corner, hangedman_vaults_pinch,
          nicolae_vaults_network_s, vaults_room_door_hall, v_misc_14,
          nicolae_vaults_sealed_display, vaults_mumra_chevron, st_diamondy,
          vaults_room_corners, layout_vaults_omnicross, serial_shops,
          nicolae_shop_crystal
Vaults:5: serial_shops
Crypt:1:  layout_gridlike, basic_altar, small_chamber_with_monster, st_stairs_1
Crypt:2:  layout_misc_corridors, st_stairs_13, lemuel_statue_altar,
          lemuel_upstairs_altar, uniq_bai_suzhen
Crypt:3:  church_of_pain_bobbens, layout_chaotic_city, tomb_entry_shell_bobbens
Tomb:1
Tomb:2
Tomb:3
Depths:1: layout_cave_pools, enter_ziggurat_b, serial_shops,
          nicolae_lakefront_shop, shop, shop, okawaru_gym_becter,
          hangedman_coc_ice_floe, evilmike_ruin_ashenzari, uniq_enchantress
Depths:2: minmay_textured_paths, layout_basic, nicolae_dithmenos_shadow_blocks,
          hell_entry, rand_demon_pan_entry_9, infiniplex_staircase_trident
Depths:3: cheibrodos_spurs, layout_gridlike, serial_shops, bzr_entry_customers,
          abyss_entry, lightli_too_deep, st_stairs_12, serial_bayou_shore_b,
          minmay_shoptagon, infiniplex_staircase_pool_1
Depths:4: evilmike_zot_entry_basic, layout_honeycomb,
          grunt_hell_entry_dis_grunt, lemuel_blue_sif_altar, water_maze_lemuel
Pan:      evilmike_mini_pan_branches, layout_chambers, rand_demon_1,
          layout_rooms, pan_blood_fountain_2, nicolae_pan_sigil_obb,
          lom_lobon_spiral_st, layout_rooms, uniq_mennas_pan, cerebov_grunt,
          layout_chambers, pan_blood_fountain_small, lemuel_hellion_island,
          layout_pan_divisions_a [pan_division_quadrant_a3,
          pan_division_quadrant_a3, pan_division_quadrant_a6,
          pan_division_quadrant_a4, pan_division_octagon_rings],
          lemuel_hall_of_pain, layout_onion_city, pan_blood_fountain,
          pan_surprise, evilmike_mini_pan_doors, layout_rooms,
          evilmike_mini_pan_corridor, layout_gridlike,
          gloorx_vloq_grunt_torture_chamber, layout_gridlike,
          nicolae_pan_cerebovesque_3

Skill      XL: |  1  2  3  4  5  6  7  8  9 10 11 12 13 14 15 16 17 18 19 20 21 22 23 24 25 26 27 |
---------------+----------------------------------------------------------------------------------+-----
Axes           | 5 6 7 9 11 14 17 20 22 23 25 26 | 26.0
Invocations    | 2 3 10 13 14 16 19 20 23 25 | 25.4
Evocations     | 1 2 3 4 6 9 10 13 15 | 15.1
Fighting       | 7 9 14 18 21 22 23 | 23.1
Armour         | 5 7 11 13 14 17 18 20 21 23 24 | 24.6
Dodging        | 5 7 10 12 14 15 16 17 18 19 | 19.2
Stealth        | |  1.5

Action                     |  1- 3 |  4- 6 |  7- 9 | 10-12 | 13-15 | 16-18 | 19-21 | 22-24 | 25-27 || total
---------------------------+-------+-------+-------+-------+-------+-------+-------+-------+-------++-------
  Melee: Hand axe          |   147 |    55 |       |       |       |       |       |       |       ||   202
         War axe           |       |    33 |   191 |   128 |       |       |       |       |       ||   352
         Punch             |       |     1 |     1 |     2 |       |       |       |       |       ||     4
         Battleaxe         |       |       |       |   241 |   552 |       |       |       |       ||   793
         Executioner's axe |       |       |       |       |    55 |   771 |   749 |   658 |   820 ||  3053
         Kick              |       |       |       |       |       |    47 |       |       |       ||    47
  Throw: Dart              |       |     4 |     5 |     8 |       |       |       |       |       ||    17
 Invoke: Divine Shield     |       |     2 |     4 |     9 |    12 |    14 |     8 |    15 |     6 ||    70
         Summon Divine War |       |       |       |       |     4 |    13 |     9 |    27 |     9 ||    62
         Brand Weapon With |       |       |       |       |       |       |     1 |       |       ||     1
  Evoke: Wand              |     1 |     4 |    11 |    19 |       |    11 |     1 |     5 |     2 ||    54
         Figurine of a zig |       |       |       |       |       |       |       |     1 |       ||     1
    Use: Potion            |     1 |     3 |     4 |     1 |    10 |     9 |     4 |    18 |     9 ||    59
         Scroll            |       |     1 |    10 |     4 |    20 |     6 |    13 |    18 |     5 ||    77
   Stab: Sleeping          |     3 |       |       |       |       |       |       |       |       ||     3
 Armour: Robe              |    16 |       |       |       |       |       |       |       |       ||    16
         Scale mail        |    38 |    18 |    28 |       |       |       |       |       |       ||    84
         Skin              |       |    31 |    15 |       |       |       |       |       |       ||    46
         Chain mail        |       |       |    24 |       |       |       |       |       |       ||    24
         Crystal plate arm |       |       |    31 |   264 |   444 |   715 |   452 |       |       ||  1906
         Gold dragon scale |       |       |       |       |       |       |   198 |   444 |   685 ||  1327
  Dodge: Dodged            |   106 |    30 |    57 |    81 |   127 |   174 |   285 |   306 |   589 ||  1755
  Block: Other             |       |     5 |    27 |    40 |    45 |   132 |   130 |   219 |   125 ||   723

Table legend: (Time is in decaauts)
 A = Elapsed time spent in this place.
 B = Non-inter-level travel time spent in this place.
 C = Inter-level travel time spent in this place.
 D = Time resting spent in this place.
 E = Time spent auto-exploring this place.
 F = Levels seen in this place.
 G = Mean time per level.
                   A        B        C        D        E       F      G
               +--------+--------+--------+--------+--------+-----+--------+
         Total |  23614 |  23284 |    330 |    208 |     68 |  75 |  314.9 |
       Dungeon |   5807 |   5747 |     60 |     21 |     68 |  15 |  387.1 |
          Lair |   1783 |   1697 |     86 |      0 |      0 |   5 |  356.6 |
         Swamp |   1910 |   1910 |      0 |     76 |      0 |   4 |  477.5 |
   Spider Nest |   1591 |   1550 |     41 |     42 |      0 |   4 |  397.8 |
    Slime Pits |    787 |    783 |      4 |     25 |      0 |   5 |  157.4 |
  Orcish Mines |   1121 |   1028 |     93 |      0 |      0 |   2 |  560.5 |
   Elven Halls |     15 |     15 |      0 |      0 |      0 |   1 |   15.0 |
        Vaults |   3023 |   2998 |     25 |      0 |      0 |   5 |  604.6 |
         Crypt |    852 |    839 |     13 |      0 |      0 |   3 |  284.0 |
          Tomb |   1317 |   1317 |      0 |      0 |      0 |   3 |  439.0 |
        Depths |   1506 |   1501 |      5 |      0 |      0 |   4 |  376.5 |
         Abyss |    371 |    371 |      0 |      0 |      0 |   2 |  185.5 |
   Pandemonium |   1911 |   1911 |      0 |      0 |      0 |   9 |  212.3 |
      Ziggurat |    801 |    801 |      0 |     14 |      0 |   9 |   89.0 |
        Bazaar |    204 |    204 |      0 |      0 |      0 |   2 |  102.0 |
    Desolation |    304 |    304 |      0 |      0 |      0 |   1 |  304.0 |
      Gauntlet |    302 |    302 |      0 |     30 |      0 |   1 |  302.0 |
               +--------+--------+--------+--------+--------+-----+--------+

Top non-repeatable levels by time:
    D:12: 884 daAuts
Vaults:4: 848 daAuts
Vaults:5: 814 daAuts
   Orc:2: 774 daAuts
Vaults:1: 741 daAuts
Spider:4: 672 daAuts
 Swamp:3: 609 daAuts
     D:4: 597 daAuts
  Tomb:1: 569 daAuts
 Swamp:1: 545 daAuts
  Lair:2: 540 daAuts
     D:5: 538 daAuts
Depths:4: 525 daAuts
Depths:3: 520 daAuts
 Swamp:4: 517 daAuts
